 Dungeon Crawl Stone Soup version 0.30.0-29-ga12c61a403 (webtiles) character file.

Game seed: 11618229493444091944

382 workbot the Cleaver (level 6, -9/51 HPs)
             Began as a Minotaur Berserker on June 3, 2023.
             Was a Believer of Trog.
             Killed by divine providence
             ... invoked by an orc priest
              (12 damage)
             ... on level 4 of the Dungeon.
             The game lasted 00:06:23 (2930 turns).

workbot the Cleaver (Minotaur Berserker)            Turns: 2930, Time: 00:06:23

Health: -9/51      AC: 14    Str: 23    XL:     6   Next: 47%
Magic:  5/5        EV:  5    Int:  4    God:    Trog [**....]
Gold:   102        SH:  6    Dex: 10    Spells: 5/5 levels left

rFire   . . .        r - +0 hand axe (drain)
rCold   + + .        u - +0 kite shield
rNeg    . . .        o - +2 plate armour {rC+}
rPois   .            (helmet restricted)
rElec   .            n - +0 cloak
rCorr   .            (no gloves)
SInv    .            (no boots)
Will    .....        f - amulet of the acrobat Stlth
                     l - ring of protection from cold
HPRegen 0.28/turn    (no ring)
MPRegen 0.09/turn

%: acrobat
@: flying
A: horns 2, retaliatory headbutt
a: Renounce Religion, Berserk, Trog's Hand


You were on level 4 of the Dungeon.
You worshipped Trog.
Trog was pleased with you.
You visited 1 branch of the dungeon, and saw 4 of its levels.

You collected 156 gold pieces.
You spent 54 gold pieces at shops.

Inventory:

Hand Weapons
 r - a +0 hand axe of draining (weapon)
Armour
 n - a +0 cloak (worn)
 o - a +2 plate armour of cold resistance (worn)
 u - a +0 kite shield (worn)
Jewellery
 f - an amulet of the acrobat (around neck)
 l - a ring of protection from cold (left hand)
Wands
 w - a wand of flame (14)
Scrolls
 d - a scroll of identify {unknown}
 i - 2 scrolls of noise {unknown}
 p - 2 scrolls of enchant armour {unknown}
 s - a scroll of amnesia {unknown}
 t - 3 scrolls of teleportation {unknown}
 v - a scroll of fog {unknown}
Potions
 a - a potion of ambrosia {unknown}
 b - 2 potions of might {unknown}
 c - 2 potions of cancellation {unknown}
 e - 2 potions of flight
 g - 2 potions of brilliance {unknown}
 h - 2 potions of heal wounds {unknown}
 j - a potion of mutation {unknown}
 k - a potion of lignification {unknown}
 m - 2 potions of curing {unknown}
 q - a potion of degeneration {unknown}


   Skills:
 - Level 3.6 Fighting
 + Level 8.9 Axes
 - Level 2.4 Armour
 - Level 2.1 Dodging


You had 5 spell levels left.
You didn't know any spells.
Your spell library was empty.

Dungeon Overview and Level Annotations

Branches:
Dungeon (4/15)
 Temple: D:4-7

Altars:

Shops:
D:2 [

Annotations:
D:4 1 transporter


Innate Abilities, Weirdness & Mutations

You have a pair of horns on your head.
You reflexively headbutt those who attack you in melee.


Message History

You slash the goblin!
You kill the goblin!
Trog accepts your kill.
Things that are here:
a +0 dagger; a goblin corpse You now have 102 gold pieces (gained 8).
Items here: ( ) [ †.
There is a transporter here.
You enter the transporter and appear at another place.
w - a wand of flame (14)
There are no items here.
You open the door.
The orc priest mumbles some strange prayers to Beogh against you.
Beogh smites you!
There is an open door here.
The orc priest mumbles some strange prayers to Beogh against you.
Pain shoots through your body!
The shadow imp shouts, "Run away, thou infectious weeb-spouting maggot-pie!"
You enter the shallow water.
Moving in this stuff is going to be slow.
The orc priest invokes the aid of Beogh against you.
Beogh smites you!
The orc priest mumbles some strange prayers to Beogh against you.
Pain shoots through your body! The shadow imp gestures at you.
Pain shoots through your body!
* * * LOW HITPOINT WARNING * * *
It was a potion of flight.
You feel very buoyant.
You fly up into the air.
The orc priest calls down the wrath of Beogh upon you.
Beogh smites you!
* * * LOW HITPOINT WARNING * * *
The shadow imp misses you.
You hit the shadow imp. Your headbutt misses the shadow imp.
The shadow imp is lightly wounded.
The shadow imp disappears for a moment.
The orc priest invokes the aid of Beogh against you.
Beogh smites you!
You die...

#....##.#####...#######.##.#.#
#.##.##.##.................#.#
#.......##.###############.#.#
###...####.#8~#.oo5...#P8#...####
#.........#P.#≈≈≈≈≈≈≈#.P#.......
##...#.#..#$.#..P~~..#..#...####
##.##...©#©?+..P⌠~..'.©#©..#
#.####..#$.#..~~~..#..#..## #.#
##.#P.#≈@≈≈≈≈≈#.P#.## ...
#.#8~#.5o....#P8#.# #.
#.###############.# #.
#.................#
#.###..########.### #.##...## #.#
#.#.....#######.#
#.##............#
###.##...##########


You could see 3 orc priests and 2 shadow imps.

Vanquished Creatures
  An ogre (D:3)
  A gnoll sergeant (D:4)
  Jessica (D:2)
  A sleepcap (D:4)
  An orc wizard (D:3)
  4 gnolls (D:4)
  4 adders
  3 worms
  2 dart slugs
  9 orcs (D:3)
  4 ball pythons
  8 endoplasms
  4 goblins
  6 hobgoblins
  3 quokkas
  2 bats
  4 frilled lizards
  7 kobolds
  6 rats
71 creatures vanquished.

Notes
Turn   | Place    | Note
-------+----------+-------------------------------------------
     0 | D:1      | workbot the Minotaur Berserker began the quest for the Orb.
     0 | D:1      | Reached XP level 1. HP: 19/19 MP: 0/0
    76 | D:1      | Reached skill level 4 in Axes
    79 | D:1      | Reached XP level 2. HP: 22/26 MP: 1/1
   304 | D:1      | You fall into a shaft and drop 1 floor!
   304 | D:2      | Found Amibuj's Armour Emporium.
   510 | D:2      | Reached skill level 5 in Axes
   561 | D:1      | Reached XP level 3. HP: 31/31 MP: 2/2
   687 | D:1      | Reached ** piety under Trog
  1049 | D:2      | Identified the +1 ring mail of Death's Door {Int+3}
  1277 | D:2      | Noticed Jessica
  1287 | D:2      | Killed Jessica
  1288 | D:2      | Reached skill level 6 in Axes
  1288 | D:2      | Reached XP level 4. HP: 21/39 MP: 3/3
  1602 | D:2      | Bought a +0 cloak for 54 gold pieces
  1941 | D:3      | Reached XP level 5. HP: 44/44 MP: 4/4
  2100 | D:3      | Noticed an ogre
  2105 | D:3      | Reached skill level 7 in Axes
  2107 | D:3      | Killed an ogre
  2311 | D:3      | Reached skill level 8 in Axes
  2600 | D:4      | Reached XP level 6. HP: 51/51 MP: 5/5
  2751 | D:4      | Found a transporter.
  2850 | D:4      | Found a transporter.
  2929 | D:4      | HP: 2/51 [orc priest/divine providence (12)]
  2930 | D:4      | Killed from afar by an orc priest

Illustrated notes

Levels and vault maps discovered:
D:1:      minmay_arrival_three_doors, layout_basic
D:2:      layout_basic, serial_shops, shop, uniq_jessica
D:3:      layout_basic, st_stairs_8
D:4:      gammafunk_wand_slinger, layout_loops_corners, st_stairs_6,
          minmay_fractal_squares_diagonal_5

Skill      XL: |  1  2  3  4  5 |
---------------+----------------+-----
Axes           | 4 5 6 8 |  8.9
Fighting       | |  3.6
Armour         | |  2.4
Dodging        | |  2.1

Action                     |  1- 3 |  4- 6 || total
---------------------------+-------+-------++-------
  Melee: Hand axe          |    55 |    78 ||   133
         Headbutt          |     5 |     9 ||    14
         Punch             |       |     2 ||     2
 Invoke: Berserk           |     2 |     3 ||     5
    Use: Potion            |       |     1 ||     1
 Armour: Animal skin       |     2 |       ||     2
         Plate armour      |     7 |    43 ||    50
         Leather armour    |     4 |       ||     4
  Dodge: Dodged            |    33 |    39 ||    72
  Block: Kite shield       |       |     2 ||     2
